 Dungeon Crawl Stone Soup version 0.30.0-10-gfe55d96785 (webtiles) character file.

Game seed: 12715514274002731124

8214 math4jedi the Cleaver (level 11, -19/159 HPs)
             Began as a Minotaur Berserker on May 14, 2023.
             Was a Priest of Trog.
             Demolished by a skeletal warrior
             ... wielding a +0 trident
              (24 damage)
             ... on level 9 of the Dungeon on May 15, 2023.
             The game lasted 00:23:59 (9842 turns).

math4jedi the Cleaver (Minotaur Berserker)          Turns: 9842, Time: 00:24:00

Health: -19/159    AC:  8    Str: 24    XL:     11   Next: 7%
Magic:  10/10      EV: 15    Int:  8    God:    Trog [***...]
Gold:   579        SH:  0    Dex: 16    Spells: 10/10 levels left

rFire   . . .        a - +0 hand axe
rCold   . . .        (no shield)
rNeg    . . .        E - +0 scale mail
rPois   .            (helmet restricted)
rElec   .            N - +0 cloak
rCorr   .            t - +0 pair of gloves
SInv    .            (no boots)
Will    ++...        o - amulet of faith Stlth
                     u - +6 ring of dexterity
HPRegen 1.46/turn    (no ring)
MPRegen 0.12/turn

%: faith
@: berserking (expiring), strong-willed, regenerating, very quick
A: horns 2, retaliatory headbutt, clever 1, deformed body, robust 1,
teleportitis 1
a: Renounce Religion, Berserk, Trog's Hand


You were on level 9 of the Dungeon.
You worshipped Trog.
Trog was most pleased with you.
You visited 1 branch of the dungeon, and saw 9 of its levels.
You also visited: Sewer.

You collected 579 gold pieces.

Inventory:

Hand Weapons
 a - a +0 hand axe (weapon)
 h - a +0 trident
 v - a +0 war axe
 A - a +0 heavy trident
 K - a +4 battleaxe of freezing
 M - a +1 whip of electrocution
Missiles
 e - 6 atropa-tipped darts
 y - 41 poisoned darts (quivered)
 z - 8 curare-tipped darts
Armour
 b - a +0 animal skin
 d - a +0 robe
 g - a +0 ring mail
 t - a +0 pair of gloves (worn)
 E - a +0 scale mail (worn)
 N - a +0 cloak (worn)
Jewellery
 l - an amulet of magic regeneration
 o - an amulet of faith (around neck)
 u - a +6 ring of dexterity (left hand)
 D - a ring of fire
Wands
 j - a wand of light (4)
 B - a wand of polymorph (14)
 L - a wand of digging (7)
Scrolls
 f - 2 scrolls of poison
 i - 5 scrolls of teleportation
 k - 2 scrolls of fear
 n - 2 scrolls of enchant armour
 p - a scroll of butterflies
 w - 5 scrolls of enchant weapon
 F - a scroll of immolation
 G - a scroll of magic mapping
 H - a scroll of blinking
 I - a scroll of identify
 J - a scroll of fog {unknown}
Potions
 c - a potion of magic
 m - 2 potions of curing {unknown}
 q - 2 potions of might
 r - a potion of ambrosia
 s - 3 potions of lignification
 x - a potion of haste
 C - a potion of resistance {unknown}


   Skills:
 * Level 9.3 Fighting
 - Level 10.0 Axes
 * Level 9.3 Armour
 * Level 9.1 Dodging
 + Level 7.2 Evocations


You had 10 spell levels left.
You didn't know any spells.
Your spell library was empty.

Dungeon Overview and Level Annotations

Branches:
Dungeon (9/15)             Temple (0/1) D:5           Sewer (visited)
   Lair: D:8-11         Orc: D:9-12

Altars:
Ashenzari
Dithmenos
Makhleb
Qazlal
Ru
Xom

Shops:
D:3 [[


Innate Abilities, Weirdness & Mutations

You have a pair of horns on your head.
You reflexively headbutt those who attack you in melee.
Your mind is acute. (Int +4, Str/Dex -1)
Armour fits poorly on your strangely shaped body.
You are robust. (+10% HP)
You are occasionally teleported next to monsters.


Message History

You hit the skeletal warrior but do no damage.
The skeletal warrior is moderately damaged.
You closely miss the skeletal warrior. You headbutt the skeletal warrior!
The skeletal warrior is heavily damaged.
The skeletal warrior shoots a sling bullet.
The sling bullet hits you!
The skeletal warrior is no longer blind.
The skeletal warrior hits you with a +0 glaive!
* * * LOW HITPOINT WARNING * * *
You hit the skeletal warrior. You headbutt the skeletal warrior!
The skeletal warrior is severely damaged.
You hit the skeletal warrior but do no damage.
The skeletal warrior is severely damaged.
The skeletal warrior hits you with a +0 glaive!
* * * LOW HITPOINT WARNING * * *
The skeletal warrior shoots a sling bullet.
The sling bullet completely misses you.
You barely miss the skeletal warrior.
The skeletal warrior is severely damaged.
You barely miss the skeletal warrior.
The skeletal warrior is severely damaged.
The skeletal warrior hits you with a +0 glaive!!
* * * LOW HITPOINT WARNING * * *
You slash the skeletal warrior! You headbutt the skeletal warrior.
The skeletal warrior is almost destroyed.
You barely miss the skeletal warrior. You slash the skeletal warrior!
You headbutt the skeletal warrior.
You destroy the skeletal warrior!
Trog accepts your kill.
You barely miss the skeletal warrior.
The skeletal warrior unwields a +0 sling.
The skeletal warrior wields a +0 trident.
The skeletal warrior hits you with a +0 trident.
* * * LOW HITPOINT WARNING * * *
You closely miss the skeletal warrior. You headbutt the skeletal warrior!
The skeletal warrior is moderately damaged.
You hit the skeletal warrior but do no damage.
The skeletal warrior is moderately damaged.
The skeletal warrior hits you with a +0 trident!!
You die...

.................#.............#
.................#####.##..######
####z########+#......#.##..#.....
..#...........#......#.....#.....
..#...........#......#.....#.....
..'...........#......#.....#.....
..#...........'......#)....#.....
..##....#######......#)##'##.....
####z######....z@..###'#......###
......z...'......).#.).#......#..
..........#........#...#......'..
..........#........#...#......#..
..........#........#...#......#..
..........#........#...#......#).
###########........#'###.)....##†
..........###'####.....######...)
..........#......#.....#....#....


You could see a skeletal warrior.

Vanquished Creatures
  A two-headed ogre (D:8)
  2 skeletal warriors (D:9)
  A troll (D:6)
  A hornet (D:8)
  8 yaks
  2 wyverns (D:9)
  A wraith (D:9)
  Eustachio (D:5)
  3 steam dragons
  Menkaure (D:5)
  3 water moccasins
  An acid dragon (D:8)
  3 orc warriors
  3 sky beasts
  2 ice beasts
  A black bear (D:6)
  2 ogres
  A centaur (D:5)
  A phantom (D:5)
  7 kobold brigands
  4 bullfrogs
  4 scorpions
  5 wights (D:7)
  5 killer bees (D:7)
  3 howler monkeys (D:8)
  2 jellies
  A hound (D:5)
  A gnoll bouda (D:5)
  6 orc priests
  Ijyb (D:4)
  A sleepcap (D:6)
  3 iguanas
  6 orc wizards
  11 gnolls
  3 river rats (Sewer)
  12 adders
  A shadow imp (D:6)
  2 white imps
  An ufetubus (D:5)
  2 worms
  2 dart slugs
  19 orcs
  10 ball pythons
  3 bats
  14 endoplasms
  A giant cockroach (D:4)
  4 goblins
  8 hobgoblins
  7 jackals
  2 quokkas
  4 frilled lizards
  26 kobolds
  6 rats
225 creatures vanquished.

Vanquished Creatures (others)
  A kobold (D:9)
1 creature vanquished.

Grand Total: 226 creatures vanquished

Notes
Turn   | Place    | Note
-------+----------+-------------------------------------------
     0 | D:1      | math4jedi the Minotaur Berserker began the quest for the
                  | Orb.
     0 | D:1      | Reached XP level 1. HP: 19/19 MP: 0/0
    45 | D:1      | Reached skill level 4 in Axes
   117 | D:1      | Reached XP level 2. HP: 26/26 MP: 1/1
   819 | D:2      | Reached skill level 5 in Axes
   819 | D:2      | Reached XP level 3. HP: 14/31 MP: 2/2
  1004 | D:2      | Found a faded altar of an unknown god.
  1065 | D:2      | Reached ** piety under Trog
  1288 | D:3      | Noticed an ogre
  1297 | D:3      | Killed an ogre
  1298 | D:3      | Reached skill level 6 in Axes
  1298 | D:3      | Reached XP level 4. HP: 15/40 MP: 3/3
  1357 | D:3      | Found Zoraepp's Armour Emporium.
  1445 | D:3      | Found Fusucs's Antique Armour Shoppe.
  1554 | D:3      | Reached XP level 5. HP: 46/46 MP: 4/4
  1871 | D:3      | Found a shadowy altar of Dithmenos.
  2140 | D:4      | Reached XP level 6. HP: 47/55 MP: 5/5
  2158 | D:4      | Reached skill level 5 in Fighting
  2246 | D:4      | Found a glowing drain.
  2324 | Sewer    | Entered a sewer
  2520 | Sewer    | Reached XP level 7. HP: 43/62 MP: 6/6
  2745 | Sewer    | Reached skill level 5 in Armour
  2755 | Sewer    | Reached skill level 5 in Dodging
  2858 | Sewer    | Reached *** piety under Trog
  3003 | Sewer    | HP: 2/63 [kobold brigand/+0 short sword (6)]
  3005 | Sewer    | Gained mutation: You occasionally lose the ability to read
                  | scrolls when taking damage. [potion of mutation]
  3005 | Sewer    | Gained mutation: You are agile. (Dex +4, Str/Int -1)
                  | [potion of mutation]
  3005 | Sewer    | Gained mutation: Your system is resistant to poisons.
                  | (rPois) [potion of mutation]
  3752 | D:4      | Noticed Ijyb
  3760 | D:4      | Killed Ijyb
  3940 | D:5      | Entered Level 5 of the Dungeon
  4093 | D:5      | Found a staircase to the Ecumenical Temple.
  4095 | D:5      | Noticed Eustachio
  4115 | D:5      | Killed Eustachio
  4116 | D:5      | Reached skill level 1 in Evocations
  4116 | D:5      | Reached XP level 8. HP: 70/70 MP: 7/7
  4165 | D:5      | Reached skill level 7 in Axes
  4265 | D:5      | Noticed Menkaure
  4271 | D:5      | Killed Menkaure
  4333 | D:5      | Found a burning altar of Makhleb.
  4338 | D:5      | Reached skill level 8 in Axes
  4527 | D:5      | Found a stormy altar of Qazlal.
  4745 | D:6      | Reached XP level 9. HP: 78/78 MP: 8/8
  5199 | D:6      | Found a shimmering altar of Xom.
  5628 | D:6      | Found a sacrificial altar of Ru.
  5712 | D:6      | Noticed a troll
  5725 | D:6      | Killed a troll
  6525 | D:7      | Found a broken altar of Ashenzari.
  7055 | D:7      | Reached skill level 5 in Evocations
  7076 | D:7      | You fall into a shaft and drop 2 floors!
  7119 | D:8      | Reached skill level 9 in Axes
  7227 | D:8      | Lost mutation: You are agile. (Dex +4, Str/Int -1) [potion
                  | of mutation]
  7227 | D:8      | Lost mutation: You occasionally lose the ability to read
                  | scrolls when taking damage. [potion of mutation]
  7227 | D:8      | Gained mutation: Armour fits poorly on your strangely
                  | shaped body. [potion of mutation]
  7227 | D:8      | Gained mutation: You have an increased reservoir of magic.
                  | (+10% MP) [potion of mutation]
  7228 | D:8      | Lost mutation: You have an increased reservoir of magic.
                  | (+10% MP) [potion of mutation]
  7228 | D:8      | Lost mutation: Your system is resistant to poisons. (rPois)
                  | [potion of mutation]
  7228 | D:8      | Gained mutation: You are occasionally teleported next to
                  | monsters. [potion of mutation]
  7228 | D:8      | Gained mutation: Your mind is acute. (Int +4, Str/Dex -1)
                  | [potion of mutation]
  7228 | D:8      | Gained mutation: You are robust. (+10% HP) [potion of
                  | mutation]
  7336 | D:8      | Reached XP level 10. HP: 96/96 MP: 9/9
  7562 | D:8      | Noticed a two-headed ogre
  7571 | D:8      | Killed a two-headed ogre
  7572 | D:8      | Reached skill level 10 in Axes
  7637 | D:8      | Reached **** piety under Trog
  7938 | D:8      | Paralysed by a hornet for 2 turns
  9341 | D:9      | Noticed a skeletal warrior
  9469 | D:9      | Noticed a skeletal warrior
  9477 | D:9      | Noticed a skeletal warrior
  9522 | D:9      | HP: 3/150 [skeletal warrior/+0 heavy trident (22)]
  9524 | D:9      | Killed a skeletal warrior
  9525 | D:9      | Reached XP level 11. HP: 5/106 MP: 10/10
  9838 | D:9      | HP: 7/159 [skeletal warrior/+0 glaive (21)]
  9840 | D:9      | Killed a skeletal warrior
  9842 | D:9      | Demolished by a skeletal warrior

Illustrated notes

Levels and vault maps discovered:
D:1:      scummos_arrival_forest, layout_basic, minmay_misc_feat_tower
D:2:      layout_rooms, hellmonk_ecumenical_altar_arch_garden
D:3:      layout_loops_cross, mainiacjoe_overflow_tiny_flanked, serial_shops,
          nicolae_shop_back_alley_shop, shop
D:4:      layout_gridville, portal_sewer_entry_d, uniq_ijyb
D:5:      layout_loops_ring, nicolae_qazlal_eye_of_the_storm,
          makhleb_heckhound_becter, minmay_temple_entry_water_ring,
          uniq_menkaure, uniq_eustachio
D:6:      layout_layer_cave, lemuel_crystal_altar,
          mainiacjoe_overflow_six_doors_small
D:7:      layout_basic, ashenzari_conservatory_becter
D:8:      layout_basic
D:9:      layout_gridville, nicolae_gozag_cash_rules_everything_around_me

Skill      XL: |  1  2  3  4  5  6  7  8  9 10 |
---------------+-------------------------------+-----
Axes           | 4 5 6 8 9 10 | 10.0
Fighting       | 4 5 6 8 9 |  9.3
Armour         | 3 4 6 8 9 |  9.3
Dodging        | 3 4 6 8 9 |  9.1
Evocations     | 1 4 5 7 |  7.2

Action                     |  1- 3 |  4- 6 |  7- 9 | 10-12 || total
---------------------------+-------+-------+-------+-------++-------
  Melee: Hand axe          |    61 |    86 |   318 |   229 ||   694
         Headbutt          |     9 |    17 |    67 |    53 ||   146
         Punch             |     1 |       |     3 |     2 ||     6
  Throw: Dart              |       |       |     2 |     6 ||     8
 Invoke: Trog's Hand       |     1 |     1 |    13 |    10 ||    25
         Berserk           |       |       |     2 |     2 ||     4
  Evoke: Wand              |       |       |       |     3 ||     3
    Use: Scroll            |     2 |     3 |    11 |       ||    16
         Potion            |       |       |     5 |     2 ||     7
   Stab: Invisible         |       |       |       |     2 ||     2
 Armour: Robe              |     1 |       |       |       ||     1
         Ring mail         |    11 |    25 |    78 |       ||   114
         Scale mail        |       |       |    29 |    37 ||    66
  Dodge: Dodged            |    34 |    53 |   238 |   106 ||   431
